 Dungeon Crawl Stone Soup version 0.24.0-7-gb3623d2c88 (console) character file.

Game seed: 1020250706914769699, levelgen mode: deterministic

4877 Kagalorn the Magician (level 10, 0/74 HPs)
             Began as a Gnoll Air Elementalist on Nov 2, 2019.
             Was an Initiate of Cheibriados.
             Slain by a two-headed ogre
             ... wielding a +0 giant spiked club
              (21 damage)
             ... on level 9 of the Dungeon.
             The game lasted 00:34:15 (9196 turns).

Kagalorn the Magician (Gnoll Air Elementalist)      Turns: 9196, Time: 00:34:16

Health: 0/74       AC:  7    Str: 12    XL:     10   Next: 50%
Magic:  16/21      EV: 15    Int: 22    God:    Cheibriados [......]
Gold:   706        SH:  0    Dex: 16    Spells: 19/23 levels left

rFire    . . .     SeeInvis .   S - +2 dagger (venom)
rCold    . . .     Gourm    .   (no shield)
rNeg     . . .     Faith    .   G - +0 ring mail (curse)
rPois    .         Spirit   .   (no helmet)
rElec    .         Reflect  .   T - +0 cloak
rCorr    .         Harm     .   (no gloves)
MR       .....                  (no boots)
Stlth    ++++......             P - amulet of the acrobat
HPRegen  0.22/turn              d - ring of stealth
MPRegen  0.17/turn              (no ring)

@: very slow
A: distributed training, fangs 1, strong nose
a: Bend Time, Renounce Religion


You were on level 9 of the Dungeon.
You worshipped Cheibriados.
Cheibriados was noncommittal.
You were hungry.

You visited 2 branches of the dungeon, and saw 10 of its levels.

You collected 706 gold pieces.

Inventory:

Hand Weapons
 f - a +0 dagger
 m - a +0 hunting sling
 s - a +0 quarterstaff
 S - a +2 dagger of venom (weapon)
Missiles
 h - 299 stones
 j - 149 arrows
 o - 87 bolts
 r - 47 poisoned darts (quivered)
 x - 29 sling bullets
 D - a throwing net
Armour
 a - a +0 robe
 p - a cursed +0 chain mail
 A - a +1 ring mail of cold resistance
 G - a cursed +0 ring mail (worn)
 M - a scarf of repulsion
 Q - the cursed +1 ring mail "Meitable" {rPois Str+2 Int+4 Stlth-, unknown}
   (You found it on level 8 of the Dungeon)

   It affects your strength (+2).
   It affects your intelligence (+4).
   It protects you from poison.
   It makes you less stealthy.
   It has a curse placed upon it.
 T - a +0 cloak (worn)
Jewellery
 d - a ring of stealth (left hand)
 E - an uncursed amulet of magic regeneration
 P - an amulet of the acrobat (around neck)
Wands
 L - a wand of clouds (8)
 N - a wand of iceblast (17)
 O - a wand of flame (13)
 U - a wand of random effects (21)
Scrolls
 e - 2 scrolls of blinking {unknown}
 g - 3 scrolls of remove curse {unknown}
 l - 2 scrolls of immolation {unknown}
 n - 3 scrolls of magic mapping {unknown}
 q - a scroll of identify
 w - 2 scrolls of enchant weapon {unknown}
 y - 5 scrolls of teleportation {unknown}
 C - 2 scrolls of amnesia {unknown}
 J - 3 scrolls of fog {unknown}
 K - a scroll of enchant armour {unknown}
Potions
 b - 5 potions of lignification {unknown}
 i - 4 potions of degeneration {unknown}
 k - 2 potions of curing
 t - 2 potions of agility
 u - 2 potions of brilliance
 v - 3 potions of heal wounds
 z - 3 potions of might
 B - 3 potions of berserk rage
 F - a potion of magic {unknown}
 H - 2 potions of ambrosia {unknown}
 I - a potion of mutation {unknown}
 R - a potion of flight {unknown}
Comestibles
 c - 16 rations


   Skills:
 + Level 5.2 Fighting
 + Level 5.2 Short Blades
 + Level 5.2 Long Blades
 + Level 5.2 Axes
 + Level 5.2 Maces & Flails
 + Level 5.2 Polearms
 + Level 5.2 Staves
 + Level 5.2 Slings
 + Level 5.2 Bows
 + Level 5.2 Crossbows
 + Level 5.2 Throwing
 + Level 5.2 Armour
 + Level 7.0 Dodging
 + Level 6.8 Stealth
 + Level 5.2 Shields
 + Level 5.2 Unarmed Combat
 + Level 7.3 Spellcasting
 + Level 4.9 Conjurations
 + Level 4.3 Hexes
 + Level 4.3 Charms
 + Level 4.3 Summonings
 + Level 4.3 Necromancy
 + Level 4.3 Translocations
 + Level 4.3 Transmutations
 + Level 4.3 Fire Magic
 + Level 4.3 Ice Magic
 + Level 7.0 Air Magic
 + Level 4.3 Earth Magic
 + Level 4.3 Poison Magic
 + Level 5.7 Invocations
 + Level 5.2 Evocations


You had 19 spell levels left.
You knew the following spells:

 Your Spells              Type           Power        Failure   Level  Hunger
a - Shock                 Conj/Air       ####         1%          1    None
b - Static Discharge      Conj/Air       ####....     4%          3    None

Your spell library contained the following spells:

 Spells                   Type           Power        Failure   Level  Hunger
 Animate Skeleton         Necr           N/A          2%          1    None
 Apportation              Tloc           ####..       2%          1    None
 Beastly Appendage        Tmut           ####..       2%          1    None
 Confusing Touch          Hex            ####..       2%          1    None
 Summon Small Mammal      Summ           ####         2%          1    None
 Swiftness                Chrm/Air       ####....     2%          2    None
 Sticks to Snakes         Tmut           ####....     4%          2    None
 Spider Form              Tmut/Pois      ####......   9%          3    None
 Airstrike                Air            #####.....   9%          4    ###....
 Ice Form                 Ice/Tmut       ####....     26%         4    ###....
 Lightning Bolt           Conj/Air       ####......   36%         5    #####..
 Blade Hands              Tmut           ####......   58%         5    #####..


Dungeon Overview and Level Annotations

Branches:
Dungeon (9/15)             Temple (1/1) D:6            Lair (0/6) D:8
    Orc: D:9-12

Altars:
Ashenzari
Cheibriados
Dithmenos
Elyvilon
Fedhas
Gozag
Hepliaklqana
Kikubaaqudgha
Makhleb
Nemelex Xobeh
Okawaru
Qazlal
Ru
Sif Muna
Trog
Uskayaw
Vehumet
Wu Jian
Xom
Yredelemnul
Zin
The Shining One

Annotations:
D:3 1 runed translucent door, Mrkan's ghost, amateur OgBe
D:9 2 transporters, Uqejoa's ghost, novice OpTm


Innate Abilities, Weirdness & Mutations

Your experience applies equally to all skills.
You have very sharp teeth.
Your uncanny sense of smell can sniff out nearby items.


Message History

Casting: Shock (safe; 1% risk of failure)
Confirm with . or Enter, or press ? or * to list all spells.
Aiming: Shock (safe; 1% risk of failure)
Press: ? - help, Shift-Dir - straight line, f/p - two-headed ogre
Aim: a two-headed ogre, wielding two +0 giant spiked clubs (heavily wounded, poisoned)
The zap hits the two-headed ogre.
The two-headed ogre is heavily wounded.
The two-headed ogre closely misses you.
The two-headed ogre hits you with a +0 giant spiked club.
* * * LOW HITPOINT WARNING * * *
There is an open door here.
Casting: Shock (safe; 1% risk of failure)
Confirm with . or Enter, or press ? or * to list all spells.
Aiming: Shock (safe; 1% risk of failure)
Press: ? - help, Shift-Dir - straight line, f/p - two-headed ogre
Aim: a two-headed ogre, wielding two +0 giant spiked clubs (severely wounded, poisoned)
The zap hits the two-headed ogre.
The two-headed ogre is severely wounded.
The two-headed ogre hits you with a +0 giant spiked club!!
You die...

#######'### .# # ## ..# ## # .# #
# .#### #'### ....# .....
###+###### # .##.# ......###
#........#### #
.##)#.(.....'.###........'..### #
.##.+....(..#..##........##...###
.####.(.... ##.O@........####....
.# ..... ####........# ##### ##
..... #......).# # #####
########## #


You could see a two-headed ogre.

Vanquished Creatures
  A two-headed ogre (D:9)
  A hornet (D:8)
  Grinder (D:5)
  2 hippogriffs
  A hungry ghost (D:5)
  4 hogs (D:7)
  A human (D:7)
  2 ice beasts
  3 orc warriors
  An eye of draining (D:8)
  A sky beast (D:9)
  A phantom (D:6)
  5 ogres
  A centaur (D:6)
  2 scorpions
  A vampire bat (D:7)
  4 wights (D:6)
  2 crimson imps (D:8)
  A quasit (D:7)
  A bullfrog zombie (D:6)
  An orc priest (D:8)
  5 hounds
  2 centaur skeletons
  An iguana (D:7)
  12 worker ants
  5 orc wizards
  A killer bee zombie (D:6)
  A hound skeleton (D:6)
  A worker ant zombie (D:5)
  A howler monkey zombie (D:5)
  10 adders
  2 shadow imps (D:5)
  2 worms
  A dart slug (D:2)
  7 leopard geckos
  20 orcs
  4 giant cockroaches
  15 goblins
  11 hobgoblins
  22 jackals
  9 kobolds
  6 quokkas
  4 ball pythons
  15 bats
  10 frilled lizards
  A jackal zombie (D:5)
  A leopard gecko zombie (D:4)
  4 quokka skeletons
  19 rats
229 creatures vanquished.

Notes
Turn   | Place    | Note
-------+----------+-------------------------------------------
     0 | D:1      | Kagalorn the Gnoll Air Elementalist began the quest for the
                  | Orb.
     0 | D:1      | Reached XP level 1. HP: 13/13 MP: 6/6
   163 | D:1      | Reached XP level 2. HP: 19/19 MP: 4/7
   595 | D:1      | Reached XP level 3. HP: 25/25 MP: 7/9
   629 | D:1      | Reached skill level 5 in Spellcasting
   774 | D:1      | Reached skill level 1 in Invocations
   985 | D:2      | Found a shadowy altar of Dithmenos.
  1024 | D:2      | Reached skill level 1 in Fighting
  1024 | D:2      | Reached skill level 1 in Short Blades
  1024 | D:2      | Reached skill level 1 in Long Blades
  1024 | D:2      | Reached skill level 1 in Axes
  1024 | D:2      | Reached skill level 1 in Maces & Flails
  1024 | D:2      | Reached skill level 1 in Polearms
  1024 | D:2      | Reached skill level 1 in Staves
  1024 | D:2      | Reached skill level 1 in Slings
  1024 | D:2      | Reached skill level 1 in Bows
  1024 | D:2      | Reached skill level 1 in Crossbows
  1024 | D:2      | Reached skill level 1 in Throwing
  1024 | D:2      | Reached skill level 1 in Armour
  1024 | D:2      | Reached skill level 1 in Shields
  1024 | D:2      | Reached skill level 1 in Unarmed Combat
  1024 | D:2      | Reached skill level 1 in Evocations
  1084 | D:2      | Reached XP level 4. HP: 31/32 MP: 7/11
  1820 | D:3      | Reached skill level 1 in Hexes
  1820 | D:3      | Reached skill level 1 in Charms
  1820 | D:3      | Reached skill level 1 in Summonings
  1820 | D:3      | Reached skill level 1 in Necromancy
  1820 | D:3      | Reached skill level 1 in Translocations
  1820 | D:3      | Reached skill level 1 in Transmutations
  1820 | D:3      | Reached skill level 1 in Fire Magic
  1820 | D:3      | Reached skill level 1 in Ice Magic
  1820 | D:3      | Reached skill level 1 in Earth Magic
  1820 | D:3      | Reached skill level 1 in Poison Magic
  2084 | D:3      | Reached XP level 5. HP: 32/37 MP: 5/12
  2095 | D:3      | Found a runed translucent door.
  2218 | D:3      | Noticed Mrkan's ghost (amateur OgBe)
  2820 | D:4      | Noticed an ogre
  2843 | D:4      | Killed an ogre
  2843 | D:4      | Reached XP level 6. HP: 19/44 MP: 4/13
  3036 | D:4      | Learned a level 3 spell: Static Discharge
  3357 | D:4      | Reached skill level 5 in Dodging
  3702 | D:5      | Entered Level 5 of the Dungeon
  3702 | D:5      | Noticed a hungry ghost
  3811 | D:5      | Got a dull robe
  3832 | D:5      | Identified the +1 robe of the Sixty-Six Cities {rC+} (You
                  | found it on level 5 of the Dungeon)
  3893 | D:5      | Reached XP level 7. HP: 50/50 MP: 10/15
  4025 | D:5      | Killed a hungry ghost
  4025 | D:5      | Reached skill level 5 in Stealth
  4120 | D:5      | Reached XP level 8. HP: 57/57 MP: 12/16
  4462 | D:5      | Noticed Grinder
  4472 | D:5      | Paralysed by Grinder for 6 turns
  4809 | D:5      | Paralysed by Grinder for 2 turns
  4835 | D:5      | Killed Grinder
  4974 | D:6      | Found an ornate altar of the Wu Jian Council.
  5570 | D:6      | Reached XP level 9. HP: 65/65 MP: 14/18
  5706 | D:6      | Found a staircase to the Ecumenical Temple.
  5718 | Temple   | Entered the Ecumenical Temple
  6079 | D:7      | Found a white marble altar of Elyvilon.
  6448 | D:7      | Found an ancient bone altar of Kikubaaqudgha.
  6713 | D:7      | Reached skill level 5 in Invocations
  7214 | D:8      | Found a staircase to the Lair.
  7249 | D:8      | Reached XP level 10. HP: 70/73 MP: 7/20
  7388 | D:8      | Got a jewelled ring mail
  7875 | D:9      | Found a transporter.
  7876 | D:9      | Found a transporter.
  7876 | D:9      | Noticed Uqejoa's ghost (novice OpTm)
  8054 | D:9      | Reached skill level 5 in Fighting
  8054 | D:9      | Reached skill level 5 in Short Blades
  8054 | D:9      | Reached skill level 5 in Long Blades
  8054 | D:9      | Reached skill level 5 in Axes
  8054 | D:9      | Reached skill level 5 in Maces & Flails
  8054 | D:9      | Reached skill level 5 in Polearms
  8054 | D:9      | Reached skill level 5 in Staves
  8054 | D:9      | Reached skill level 5 in Slings
  8054 | D:9      | Reached skill level 5 in Bows
  8054 | D:9      | Reached skill level 5 in Crossbows
  8054 | D:9      | Reached skill level 5 in Throwing
  8054 | D:9      | Reached skill level 5 in Armour
  8054 | D:9      | Reached skill level 5 in Shields
  8054 | D:9      | Reached skill level 5 in Unarmed Combat
  8054 | D:9      | Reached skill level 5 in Evocations
  8454 | D:9      | Noticed a two-headed ogre
  8483 | D:9      | Killed a two-headed ogre
  8486 | D:9      | Noticed a two-headed ogre
  9125 | D:9      | Found a burning altar of Makhleb.
  9125 | D:9      | Found a radiant altar of Vehumet.
  9126 | D:9      | Found an ornate altar of the Wu Jian Council.
  9127 | D:9      | Found an opulent altar of Gozag.
  9129 | D:9      | Found an iron altar of Okawaru.
  9130 | D:9      | Found a glowing golden altar of the Shining One.
  9130 | D:9      | Found a bloodstained altar of Trog.
  9131 | D:9      | Found a snail-covered altar of Cheibriados.
  9139 | D:9      | Became a worshipper of Cheibriados the Contemplative
  9196 | D:9      | Slain by a two-headed ogre

Levels and vault maps discovered:
D:1:      erik_arrival_orb_chamber, layout_basic
D:2:      layout_rooms, grunt_dithmenos_smoke, first_ration,
          minmay_stone_trees_medium
D:3:      layout_loops_ring, ebering_ghost_reflecting_pool
D:4:      layout_loops_ring
D:5:      layout_loops_ring, minmay_fractal_squares_gapless_5, uniq_grinder
D:6:      layout_cave_pools, minmay_temple_entry_statues_fountains,
          minivault_11, minmay_ruined_shrine
D:7:      layout_loops_ring, lemuel_round_altar, basic_altar, grunt_livestock,
          roderic_batcave
D:8:      layout_loops_cross, lair_entry_dummy, minmay_fractal_squares_5
D:9:      layout_roguey, grunt_temple_overflow_open, gammafunk_ghost_mausoleum
Temple:   minmay_temple_bridge_abc

Skill      XL: |  1  2  3  4  5  6  7  8  9 10 |
---------------+-------------------------------+-----
Conjurations   | 2 3 4 |  4.9
Spellcasting   | 5 6 7 |  7.3
Invocations    | 1 2 3 4 5 |  5.7
Fighting       | 1 2 3 4 5 |  5.2
Short Blades   | 1 2 3 4 5 |  5.2
Long Blades    | 1 2 3 4 5 |  5.2
Axes           | 1 2 3 4 5 |  5.2
Maces & Flails | 1 2 3 4 5 |  5.2
Polearms       | 1 2 3 4 5 |  5.2
Staves         | 1 2 3 4 5 |  5.2
Slings         | 1 2 3 4 5 |  5.2
Bows           | 1 2 3 4 5 |  5.2
Crossbows      | 1 2 3 4 5 |  5.2
Throwing       | 1 2 3 4 5 |  5.2
Armour         | 1 2 3 4 5 |  5.2
Shields        | 1 2 3 4 5 |  5.2
Unarmed Combat | 1 2 3 4 5 |  5.2
Evocations     | 1 2 3 4 5 |  5.2
Hexes          | 1 2 3 4 |  4.3
Charms         | 1 2 3 4 |  4.3
Summonings     | 1 2 3 4 |  4.3
Necromancy     | 1 2 3 4 |  4.3
Translocations | 1 2 3 4 |  4.3
Transmutations | 1 2 3 4 |  4.3
Fire Magic     | 1 2 3 4 |  4.3
Ice Magic      | 1 2 3 4 |  4.3
Earth Magic    | 1 2 3 4 |  4.3
Poison Magic   | 1 2 3 4 |  4.3
Dodging        | 5 6 7 |  7.0
Stealth        | 5 6 |  6.8
Air Magic      | 6 7 |  7.0

Action                   |  1- 3 |  4- 6 |  7- 9 | 10-12 || total
-------------------------+-------+-------+-------+-------++-------
Melee: Quarterstaff      |       |     6 |    10 |       ||    16
       Bite              |       |     1 |     1 |     1 ||     3
       Dagger            |       |       |       |     7 ||     7
Throw: Dart              |       |     9 |    35 |    20 ||    64
 Cast: Shock             |    85 |   141 |   254 |    92 ||   572
       Static Discharge  |       |     1 |    22 |     4 ||    27
  Use: Scroll            |       |       |       |     5 ||     5
 Stab: Sleeping          |       |       |       |     1 ||     1
  Eat: Chunk             |       |     7 |    13 |     2 ||    22
       Ration            |       |       |       |     1 ||     1
Armor: Robe              |     5 |     2 |       |       ||     7
       Ring mail         |       |       |    19 |    11 ||    30
Dodge: Dodged            |    12 |    34 |    81 |    33 ||   160
       Deflected         |       |       |       |     1 ||     1
